cohdb
Replays
Latest Replays
All Replays
Popular Replays
Top Player Replays
Match Explorer
How It Works
Community
CoH3 Stats
Reddit
Sign in to upload your games and track your stats! →
Sign in with Steam
Match 43675021
Unlisted
Match 43675021
Overview
Messages
Build Orders
End
Pioneer Squad
Construct Infanterie Kompanie
Selects Breakthrough Battlegroup
Selects Assault Grenadiers
Grenadier Squad
MG 42 Machine Gun Team
Grenadier Squad
Infanterie Officer Quarters
Medical Bunker
Selects Rapid Production
Construct Panzergrenadier Kompanie
251 Medium Carrier
Panzergrenadier Squad
Support Elements
Panzergrenadier Officer Quarters
Nebelwerfer 42 Rocket Launcher Team
Selects Blitzkrieg
Construct Panzer Kompanie
Selects Breakthrough
Selects Incendiary Bombing Run
Panzer IV Medium Tank
Breakthrough
insane
iceman
Januoris
forstrife1
0
0
Comments
sign in to comment!
No comments posted yet!